 Dungeon Crawl Stone Soup version 0.24-a0-307-gf989941 (webtiles) character file.

Game seed: 14667136624726594131

4519 mhoghedin the Twirler (level 9, -3/74 HPs)
             Began as a Demigod Skald on May 13, 2019.
             Slain by a spiny frog (11 damage)
             ... on level 9 of the Dungeon.
             The game lasted 00:21:50 (10053 turns).

mhoghedin the Twirler (Demigod Skald)              Turns: 10053, Time: 00:21:51

Health: -3/74      AC: 13    Str: 23    XL:     9   Next: 96%
Magic:  16/16      EV: 14    Int: 17    God:
Gold:   652        SH:  0    Dex: 15    Spells: 2/13 levels left

rFire    + . .     SeeInvis .   w - +4 quarterstaff (crush)
rCold    + . .     Gourm    .   (shield currently unavailable)
rNeg     . . .     Faith    .   p - +2 ring mail {rPois}
rPois    +         Spirit   .   q - +2 hat
rElec    .         Reflect  .   v - scarf {rC+ rF+}
rCorr    .         Harm     .   z - +2 pair of gloves
MR       +....                  (no boots)
Stlth    +.........             c - amulet "Mucigg" {+Rage Str+3}
HPRegen  0.22/turn              u - ring of wizardry {Wiz+, !d}
MPRegen  0.15/turn              H - ring of protection from magic {MR+, !d}

@: no status effects
A: high mp 1
a: Evoke Berserk Rage


You were on level 9 of the Dungeon.
You were not hungry.

You visited 2 branches of the dungeon, and saw 10 of its levels.
You also visited: Ossuary.

You collected 652 gold pieces.

Inventory:

Hand Weapons
 a - a +0 spear
 w - a +4 quarterstaff of crushing (weapon)
   (You found it on level 4 of the Dungeon)
 A - a +3 halberd
   (You took it off a wight on level 8 of the Dungeon)
Armour
 p - a +2 ring mail of poison resistance (worn)
   (You took it off Edmund on level 6 of the Dungeon)
 q - a +2 hat (worn)
   (You found it on level 7 of the Dungeon)
 v - a scarf of resistance (worn)
   (You found it on level 4 of the Dungeon)
 z - a +2 pair of gloves (worn)
   (You found it on level 4 of the Dungeon)
Jewellery
 c - the amulet "Mucigg" (around neck) {+Rage Str+3}
   (You found it on level 6 of the Dungeon)

   [amulet of rage]

   It affects your strength (+3).
   It lets you go berserk.
 j - a +2 ring of strength
   (You found it on level 6 of the Dungeon)
 u - a ring of wizardry (left hand) {Wiz+, !d}
   (You found it on level 4 of the Dungeon)
 H - a ring of protection from magic (right hand) {MR+, !d}
   (You took it off an orc on level 8 of the Dungeon)
Wands
 b - a wand of flame (31)
   (You found it on level 3 of the Dungeon)
 i - a wand of enslavement (5)
   (You found it on level 5 of the Dungeon)
 m - a wand of disintegration (7)
   (You found it on level 2 of the Dungeon)
 B - a wand of polymorph (4)
   (You found it on level 7 of the Dungeon)
Scrolls
 f - 7 scrolls of teleportation
 h - 3 scrolls of enchant armour
 k - 4 scrolls of identify
 l - 4 scrolls of remove curse
 s - a scroll of fog
 y - a scroll of fear
 I - a scroll of magic mapping {!r}
Potions
 e - a potion of might
 g - 4 potions of haste
 n - 5 potions of brilliance
 o - a potion of mutation {!q}
 r - 2 potions of flight
 t - 2 potions of agility {unknown}
 x - 2 potions of ambrosia {unknown}
 C - 3 potions of curing
 E - 2 potions of resistance {unknown}
 G - a potion of magic {unknown}
Comestibles
 d - 15 rations


   Skills:
 + Level 5.3 Fighting
 - Level 5.1(6.7) Polearms
 + Level 6.6(7.5) Staves
 - Level 5.0 Armour
 - Level 5.2 Dodging
 - Level 2.6 Spellcasting
 - Level 5.2 Charms
 - Level 3.4 Evocations


You had 2 spell levels left.
You knew the following spells:

 Your Spells              Type           Power        Failure   Level  Hunger
a - Infusion              Chrm           ###.         1%          1    #......
r - Regeneration          Chrm/Necr      ##........   12%         3    ###....
s - Shroud of Golubria    Chrm/Tloc      ##........   6%          2    ##.....
z - Spectral Weapon       Hex/Chrm       ##......     12%         3    ###....
S - Song of Slaying       Chrm           ###.....     1%          2    ##.....

Your spell library contained the following spells:

 Spells                   Type           Power        Failure   Level  Hunger
 Sting                    Conj/Pois      #...         12%         1    #......
 Poisonous Vapours        Pois/Air       #.....       16%         2    ##.....
 Mephitic Cloud           Conj/Pois/Air  #.......     32%         3    ###....
 Olgreb's Toxic Radiance  Pois           #.......     69%         4    #####..
 Venom Bolt               Conj/Pois      #.........   95%         5    ######.


Dungeon Overview and Level Annotations

Branches:
Dungeon (9/15)             Temple (0/1) D:4            Lair (1/6) D:9
    Orc (0/2) D:9

Shops:
D:5 *

Annotations:
D:6 3 runed translucent doors, krystol's ghost, amateur SpEn
Lair:1 Joseph


Innate Abilities, Weirdness & Mutations

You have an increased reservoir of magic. (+10% MP)


Message History

You eat one of the 14 rations.
That ration really hit the spot!
You see here a trident.
Things that are here:
a +0 flail; a gnoll corpse
Found a stone staircase leading down.
An adder comes into view.
The adder hisses angrily.
An adder is nearby!
You draw out your weapon's spirit!
You now have 13/16 mp.
You swap places.
The adder bites you but does no damage.
You miss the adder. The adder bites you but does no damage.
Your spectral weapon hits the adder!
You completely miss the adder.
Your spectral weapon hits the adder!
You kill the adder!
No target in view!
A bullfrog comes into view.
The bullfrog croaks.
A bullfrog is nearby!
You see here a ration.
The bullfrog misses you.
You miss the bullfrog.
Your spectral weapon closely misses the bullfrog.
The bullfrog hits you but does no damage.
You bludgeon the bullfrog!!
You kill the bullfrog!
No target in view!
d - 14 rations (gained 1)
You swap places.
Your spectral weapon fades away.
m - a wand of disintegration (15) (gained 3 charges)
Found a runed falchion.
h - 3 scrolls of enchant armour (gained 1) MP restored: 16 You see here a runed falchion.
Found a stone staircase leading up.
k - 4 scrolls of identify (gained 1)
f - 7 scrolls of teleportation (gained 1)
You see here a runed falchion.
There is a bloodstained altar of Trog here.
d - 15 rations (gained 1) Done exploring.
Done exploring.
Search for what [Enter for "polearm", or ? for help]?
Okay, then.
Unknown command.
As you read the scroll labeled CON XY VODYMP, it crumbles to dust.
Your body is wracked with pain!
It was a scroll of torment.
You take 36 damage, and have 38/74 hp.
MASSIVE DAMAGE!!
You start resting.
Unknown command.
Health restored: 74
There is a staircase to the Lair here.
You climb downwards.
Welcome to the Lair of Beasts!
A spiny frog and Joseph come into view.
The spiny frog croaks.
There is a staircase back to the Dungeon here.
Aim: Joseph, wielding a +0 quarterstaff and wearing a +0 ring mail (chance to defeat MR: 64%) Joseph struggles to resist.
Joseph unwields a +0 quarterstaff.
Joseph wields a +0 hunting sling.
Joseph shoots a sling bullet.
The sling bullet hits you but does no damage.
Aim: Joseph, wielding a +0 hunting sling and wearing a +0 ring mail (chance to defeat MR: 64%) Joseph is blasted!
Aim: Joseph, wielding a +0 hunting sling and wearing a +0 ring mail (lightly wounded, chance to defeat MR: 64%)
The spiny frog is blasted!!
Aim: Joseph, wielding a +0 hunting sling and wearing a +0 ring mail (lightly wounded, chance to defeat MR: 64%)
The spiny frog is blasted!
Joseph shoots a sling bullet.
The sling bullet hits you but does no damage.
Aim: Joseph, wielding a +0 hunting sling and wearing a +0 ring mail (lightly wounded, chance to defeat MR: 64%) Joseph is blasted!!
The spiny frog stings you.
Joseph shoots a sling bullet.
The sling bullet barely misses you.
You hear a splash.
The spiny frog stings you!!
You take 22 damage, and have 52/74 hp.
MASSIVE DAMAGE!!
Aim: Joseph, wielding a +0 hunting sling and wearing a +0 ring mail (heavily wounded, chance to defeat MR: 64%) Joseph is blasted!!
Joseph shoots a sling bullet.
The sling bullet hits you. The spiny frog stings you!
You take 13 damage, and have 39/74 hp.
Aim: Joseph, wielding a +0 hunting sling and wearing a +0 ring mail (almost dead, chance to defeat MR: 64%) Joseph struggles to resist.
Joseph shoots a sling bullet.
The sling bullet hits you!
The spiny frog stings you but does no damage.
You take 7 damage, and have 32/74 hp.
Aim: Joseph, wielding a +0 hunting sling and wearing a +0 ring mail (almost dead, chance to defeat MR: 64%) Joseph struggles to resist.
The spiny frog stings you!
* * * LOW HITPOINT WARNING * * *
Joseph shoots a sling bullet.
The sling bullet hits you!
* * * LOW HITPOINT WARNING * * *
You take 30 damage, and have 2/74 hp.
MASSIVE DAMAGE!!
The spiny frog closely misses you.
Joseph shoots a sling bullet.
The sling bullet closely misses you.
You hear a splash.
You climb upwards.
Welcome back to the Dungeon!
There is a staircase to the Lair here.
You feel better. The spiny frog stings you!
You die...

#..#
#.###...##
#..#
#.##....P##
####
#.#....PPP#
#.#...PPPP#
#....P..PP#
#..P.P..PP#
#....P.PPP#
##..PP..PP#
#..PP.@FP#
##.PP...P#


#.(PPPPP# ##PPPPP## ####### You could see a spiny frog.

Vanquished Creatures
  A komodo dragon (D:9)
  Eustachio (D:5)
  A hungry ghost (D:8)
  Edmund (D:6)
  An ice beast (D:7)
  A sky beast (D:6)
  A black bear (D:8)
  2 orc warriors
  4 ogres
  4 centaurs
  6 bullfrogs
  A scorpion (D:5)
  10 killer bees (D:8)
  A howler monkey (D:9)
  8 wights
  A quasit (D:8)
  4 hounds
  Crazy Yiuf (D:5)
  A bullfrog skeleton (D:4)
  10 orc priests
  7 orc wizards
  12 worker ants
  A big kobold zombie (Ossuary)
  A hound zombie (D:6)
  2 hound skeletons
  8 mummies (Ossuary)
  6 gnolls
  16 adders
  A river rat (D:6)
  A shadow imp (D:5)
  An ooze (D:1)
  An adder zombie (D:6)
  5 worms
  A dart slug (D:4)
  6 leopard geckos
  37 orcs
  3 giant cockroaches
  2 gnoll zombies (Ossuary)
  10 goblins
  10 hobgoblins
  14 jackals
  3 kobolds
  A quokka (D:2)
  A ball python (D:1)
  6 bats
  5 frilled lizards
  A hobgoblin zombie (Ossuary)
  A kobold zombie (Ossuary)
  3 orc zombies (Ossuary)
  A quokka skeleton (D:4)
  5 rats
232 creatures vanquished.

Vanquished Creatures (others)
  5 plants (D:9)
  4 spectral weapons
9 creatures vanquished.

Grand Total: 241 creatures vanquished

Notes
Turn   | Place    | Note
-------+----------+-------------------------------------------
     0 | D:1      | mhoghedin the Demigod Skald began the quest for the Orb.
     0 | D:1      | Reached XP level 1. HP: 17/17 MP: 5/5
    63 | D:1      | Reached skill level 2 in Polearms
   374 | D:1      | Reached XP level 2. HP: 19/24 MP: 2/7
   837 | D:1      | Reached skill level 3 in Polearms
  1029 | D:2      | Learned a level 2 spell: Shroud of Golubria
  1222 | D:2      | Reached XP level 3. HP: 26/29 MP: 3/8
  1465 | D:2      | HP: 7/29 [poisoned by an adder]
  1906 | D:2      | Reached skill level 4 in Polearms
  2104 | D:2      | Reached XP level 4. HP: 26/36 MP: 0/9
  2851 | D:3      | Found a burning altar of Makhleb.
  2854 | D:3      | Found a glowing silver altar of Zin.
  2854 | D:3      | Noticed an angel
  2855 | D:3      | Noticed a green death
  3081 | D:3      | Learned a level 3 spell: Regeneration
  3809 | D:4      | Found a staircase to the Ecumenical Temple.
  3828 | D:4      | Reached skill level 5 in Polearms
  3828 | D:4      | Reached XP level 5. HP: 41/41 MP: 4/10
  3873 | D:4      | Found a stormy altar of Qazlal.
  3976 | D:4      | Found a hazy altar of Hepliaklqana.
  4081 | D:4      | Reached skill level 1 in Staves
  4102 | D:4      | Reached skill level 2 in Staves
  4105 | D:4      | Reached skill level 2 in Fighting
  4105 | D:4      | Reached skill level 1 in Armour
  4105 | D:4      | Reached skill level 2 in Dodging
  4105 | D:4      | Reached XP level 6. HP: 40/48 MP: 4/11
  4422 | D:5      | Entered Level 5 of the Dungeon
  4422 | D:5      | Found Jyess's General Store.
  4423 | D:5      | Noticed Eustachio
  4509 | D:4      | HP: 12/48 [orc priest/divine providence (15)]
  4838 | D:5      | Killed Eustachio
  4838 | D:5      | Reached skill level 2 in Spellcasting
  4838 | D:5      | Reached skill level 3 in Charms
  4845 | D:5      | Learned a level 3 spell: Spectral Weapon
  4967 | D:5      | Reached XP level 7. HP: 48/56 MP: 11/14
  4980 | D:5      | Learned a level 2 spell: Song of Slaying
  5015 | D:5      | Reached skill level 4 in Charms
  5197 | D:5      | Found a blossoming altar of Fedhas.
  5215 | D:5      | Found an ancient bone altar of Kikubaaqudgha.
  5269 | D:5      | Found a runed translucent door.
  5270 | D:5      | Noticed Crazy Yiuf
  5311 | D:5      | HP: 14/56 [something/magic dart (4)]
  5313 | D:5      | HP: 4/56 [something/puff of flame (5)]
  5318 | D:5      | HP: 12/56 [something (1)]
  5325 | D:5      | Reached skill level 5 in Charms
  5325 | D:5      | HP: 8/84 [centaur/arrow (2)]
  5328 | D:5      | Reached skill level 2 in Armour
  5621 | D:5      | Found an iron altar of Okawaru.
  5696 | D:5      | Killed Crazy Yiuf
  5728 | D:6      | Found an ornate altar of the Wu Jian Council.
  5743 | D:6      | Got a smoking silver amulet
  5766 | D:6      | Identified the amulet "Mucigg" {+Rage Str+3} (You found it
                  | on level 6 of the Dungeon)
  5815 | D:6      | Reached skill level 3 in Staves
  5822 | D:6      | Found a runed translucent gate.
  5824 | D:6      | Found a runed translucent gate.
  5824 | D:6      | Found a runed translucent gate.
  5824 | D:6      | Noticed krystol's ghost (amateur SpEn)
  5841 | D:6      | Noticed a brown ugly thing
  5902 | D:6      | Reached skill level 1 in Evocations
  5906 | D:6      | Reached XP level 8. HP: 62/62 MP: 13/15
  5950 | D:6      | HP: 15/62 [orc warrior/+0 long sword (5)]
  5953 | D:6      | HP: 6/62 [worker ant (4)]
  5959 | D:6      | Reached skill level 2 in Evocations
  5961 | D:6      | HP: 15/62 [poisoned by a worker ant]
  5966 | D:6      | HP: 9/62 [poisoned by a worker ant]
  5971 | D:6      | HP: 6/62 [poisoned by a worker ant]
  5976 | D:6      | HP: 4/62 [poisoned by a worker ant]
  5981 | D:6      | HP: 3/62 [poisoned by a worker ant]
  5988 | D:6      | HP: 2/62 [poisoned by a worker ant]
  5996 | D:6      | HP: 2/62 [poisoned by a worker ant]
  6444 | D:6      | Noticed Edmund
  6452 | D:6      | Killed Edmund
  6452 | D:6      | Reached skill level 4 in Staves
  6569 | D:6      | Reached skill level 3 in Evocations
  6791 | D:6      | Found a snail-covered altar of Cheibriados.
  6802 | D:6      | Reached skill level 3 in Fighting
  6802 | D:6      | Reached skill level 3 in Dodging
  6829 | D:6      | Found a snail-covered altar of Cheibriados.
  6829 | D:6      | Found a white marble altar of Elyvilon.
  6831 | D:6      | Found a bloodstained altar of Trog.
  6831 | D:6      | Found a deep blue altar of Sif Muna.
  6831 | D:6      | Found a shimmering altar of Xom.
  7017 | D:6      | Reached skill level 5 in Staves
  7234 | D:7      | Found a glowing golden altar of the Shining One.
  7315 | D:7      | Reached skill level 3 in Armour
  7747 | D:8      | Reached XP level 9. HP: 71/71 MP: 16/16
  7843 | D:8      | Reached skill level 4 in Fighting
  7843 | D:8      | Reached skill level 4 in Dodging
  7881 | D:8      | Found a sand-covered staircase.
  7886 | Ossuary  | Entered an ossuary
  8324 | D:8      | Reached skill level 4 in Armour
  8352 | D:8      | Reached skill level 6 in Staves
  8467 | D:8      | Found a snail-covered altar of Cheibriados.
  8972 | D:8      | Reached skill level 5 in Fighting
  9082 | D:8      | Reached skill level 5 in Dodging
  9253 | D:9      | Found a staircase to the Orcish Mines.
  9265 | D:9      | Found a staircase to the Lair.
  9265 | D:9      | Noticed a komodo dragon
  9324 | D:9      | Found a bloodstained altar of Trog.
  9495 | D:9      | HP: 17/74 [komodo dragon (24)]
  9507 | D:9      | Killed a komodo dragon
  9507 | D:9      | Reached skill level 5 in Armour
 10042 | Lair:1   | Entered Level 1 of the Lair of Beasts
 10042 | Lair:1   | Noticed Joseph
 10042 | Lair:1   | Noticed a spiny frog
 10050 | Lair:1   | HP: 18/74 [spiny frog (14)]
 10050 | Lair:1   | HP: 2/74 [Joseph/sling bullet (16)]
 10053 | D:9      | Slain by a spiny frog

Levels and vault maps discovered:
D:1:      mrwooster_arrival_statue_2, layout_basic
D:2:      minmay_diamond_boxcup, layout_loops_ring, serial_park_tiny_2,
          eino_tiny_chamber
D:3:      layout_rooms, grunt_temple_overflow_order_and_chaos_2, first_ration,
          roderic_serpentine_path
D:4:      layout_loops_ring, old_standard_altar, marbit_many_paths,
          minmay_temple_entry_stoned_glass, minmay_joined_circles
D:5:      layout_rooms, kennysheep_little_box, kiku_gazebo_garden_becter,
          serial_shops, shop_statue, minmay_ruined_shrine,
          uniq_crazy_yiuf_cottage, uniq_eustachio
D:6:      layout_loops_ring, lemuel_crystal_altar, gup_sewer_entry_spiral,
          gammafunk_ghost_split, doesnt_xom_only_xom, uniq_edmund
D:7:      layout_rooms, tso_oasis_becter
D:8:      layout_basic, slow_altar_1, enter_ossuary_5
D:9:      layout_small_grid, lemuel_crystal_altar, david_lair_shrubbed
Lair:1:   layout_chaotic_city, st_stairs_5, infiniplex_staircase_pool_2,
          uniq_harold, uniq_joseph

Skill      XL: |  1  2  3  4  5  6  7  8  9 |
---------------+----------------------------+-----
Polearms       | 2 3 4 5 |  5.1
Staves         | 2 3 5 6 |  6.6
Fighting       | 2 3 5 |  5.3
Armour         | 1 2 3 5 |  5.0
Dodging        | 2 3 5 |  5.2
Spellcasting   | 2 |  2.6
Charms         | 3 5 |  5.2
Evocations     | 1 3 |  3.4

Action                   |  1- 3 |  4- 6 |  7- 9 || total
-------------------------+-------+-------+-------++-------
Melee: Spear             |   144 |   159 |       ||   303
       Quarterstaff      |       |    61 |   371 ||   432
 Cast: Infusion          |    20 |    10 |     4 ||    34
       Shroud of Golubri |       |    11 |    10 ||    21
       Regeneration      |       |     3 |    19 ||    22
       Spectral Weapon   |       |     1 |    19 ||    20
       Song of Slaying   |       |       |     5 ||     5
 Abil: Evoke Berserk Rag |       |       |     3 ||     3
Evoke: Wand              |       |     2 |    14 ||    16
  Use: Scroll            |     3 |    14 |    12 ||    29
       Potion            |       |       |     8 ||     8
 Stab: Distracted        |       |       |     1 ||     1
  Eat: Chunk             |     4 |     4 |    16 ||    24
       Ration            |       |     2 |     4 ||     6
Armor: Leather armour    |    32 |    44 |    16 ||    92
       Skin              |       |       |    15 ||    15
       Ring mail         |       |       |   142 ||   142
Dodge: Dodged            |    73 |   122 |   228 ||   423

Table legend:
 A = Non-vault XP
 B = Vault XP
 C = Vault XP percentage of total XP
 D = Non-vault monster count
 E = Vault monster count
 F = Vault count percentage of total count
                 A         B        C        D         E       F
            +---------+---------+-------+---------+---------+-------
      Total |    4821 |    1636 |  25.3 |     183 |      49 |  21.1
            +---------+---------+-------+---------+---------+-------
        D:1 |      31 |       0 |   0.0 |      16 |       0 |   0.0
        D:2 |      96 |      22 |  18.6 |      26 |       7 |  21.2
        D:3 |      74 |       0 |   0.0 |      27 |       0 |   0.0
        D:4 |     114 |     279 |  71.0 |       7 |       9 |  56.2
        D:5 |     304 |     557 |  64.7 |      12 |       7 |  36.8
        D:6 |     933 |     210 |  18.4 |      22 |       8 |  26.7
        D:7 |     638 |       0 |   0.0 |      16 |       0 |   0.0
        D:8 |    2041 |       5 |   0.2 |      42 |       1 |   2.3
        D:9 |     590 |     383 |  39.4 |      15 |       1 |   6.2
    Ossuary |       0 |     180 | 100.0 |       0 |      16 | 100.0
            +---------+---------+-------+---------+---------+-------

Levels and vault maps discovered:
D:1:      mrwooster_arrival_statue_2, layout_basic
D:2:      minmay_diamond_boxcup, layout_loops_ring, serial_park_tiny_2,
          eino_tiny_chamber
D:3:      layout_rooms, grunt_temple_overflow_order_and_chaos_2, first_ration,
          roderic_serpentine_path
D:4:      layout_loops_ring, old_standard_altar, marbit_many_paths,
          minmay_temple_entry_stoned_glass, minmay_joined_circles
D:5:      layout_rooms, kennysheep_little_box, kiku_gazebo_garden_becter,
          serial_shops, shop_statue, minmay_ruined_shrine,
          uniq_crazy_yiuf_cottage, uniq_eustachio
D:6:      layout_loops_ring, lemuel_crystal_altar, gup_sewer_entry_spiral,
          gammafunk_ghost_split, doesnt_xom_only_xom, uniq_edmund
D:7:      layout_rooms, tso_oasis_becter
D:8:      layout_basic, slow_altar_1, enter_ossuary_5
D:9:      layout_small_grid, lemuel_crystal_altar, david_lair_shrubbed
Lair:1:   layout_chaotic_city, st_stairs_5, infiniplex_staircase_pool_2,
          uniq_harold, uniq_joseph

Table legend:
 A = Turns spent in this place as a percentage of turns spent in the entire game.
 B = Non-inter-level travel turns spent in this place as a percentage of non-inter-level travel turns spent in the entire game.
 C = Inter-level travel turns spent in this place as a percentage of turns spent in this place.
 D = Turns resting spent in this place as a percentage of non-inter-level travel turns spent in this place.
 E = Turns spent auto-exploring this place as a percentage of non-inter-level travel turns spent in this place.
 F = Non-inter-level travel turns spent in this place divided by the number of levels of this place that you've seen.
                   A       B       C       D       E      F
               +-------+-------+-------+-------+-------+----------------------
         Total | 100.0 | 100.0 |   3.4 |  30.3 |  49.6 | 883.0
       Dungeon |  96.8 |  96.7 |   3.5 |  30.2 |  50.4 | 1043.7
          Lair |   0.1 |   0.1 |   0.0 |   0.0 |   0.0 |  10.0
       Ossuary |   3.1 |   3.2 |   0.0 |  34.8 |  26.8 | 310.0
               +-------+-------+-------+-------+-------+----------------------

Table legend:
 A = Kills in this place as a percentage of kills in entire the game.
 B = Kills by you in this place as a percentage of kills by you in the entire game.
 C = Kills by friends in this place as a percentage of kills by friends in the entire game.
 D = Other kills in this place as a percentage of other kills in the entire game.
 E = Experience gained in this place as a percentage of experience gained in the entire game.
 F = Experience gained in this place divided by the number of levels of this place that you have seen.
                   A       B       C       D       E      F
               +-------+-------+-------+-------+-------+----------------------
         Total | 100.0 | 100.0 |   N/A |   N/A | 100.0 | 587.0
       Dungeon |  93.1 |  93.1 |   N/A |   N/A |  97.2 | 697.4
       Ossuary |   6.9 |   6.9 |   N/A |   N/A |   2.8 | 180.0
               +-------+-------+-------+-------+-------+----------------------
